 Dungeon Crawl Stone Soup version 0.16-a0-296-gbdb9f68 (webtiles) character file.

10497 Ololoev the Frost Mage (level 11, -6/88 HPs)
             Began as an Octopode Transmuter on Aug 29, 2014.
             Was a High Priest of Sif Muna.
             Killed from afar by Josephine (19 damage)
             ... with a ghostly fireball
             ... on Level 10 of the Dungeon.
             The game lasted 01:01:24 (15018 turns).

Ololoev the Frost Mage (Octopode Transmuter)       Turns: 15018, Time: 01:01:24

HP  -6/88        AC  7     Str 11      XL: 11   Next: 63%
MP   0/36        EV 10     Int 18      God: Sif Muna [*****.]
Gold 87          SH  0     Dex 12      Spells:  5 memorised, 11 levels left

rFire  x . .     SeeInvis .     H - melded +9 war axe of Qyishruta {flame, MR+ Stlth+}
rCold  + + +     Clarity  .     v - melded +0 buckler
rNeg   . . .     rCorr    .     (helmet currently unavailable)
rPois  +         rRot     .     h - cursed amulet "Teuxzyh" {Spirit +Fly}
rElec  .         Spirit   +     y - ring of poison resistance
SustAb .         Warding  .     z - cursed ring of magical power
rMut   .         Stasis   .     B - melded +6 ring of evasion
Gourm  .                        n - melded ring of stealth
MR     .....                    (ring currently unavailable)
                                (ring currently unavailable)
                                (ring currently unavailable)
                                (ring currently unavailable)

@: ice-form, not resistant to hostile enchantments, very unstealthy
A: almost no armour, amphibious, (8 rings), (constrict 8), (tentacle spike 0),
(camouflage 0), (gelatinous body 0)
a: End Transformation, Channel Energy, Forget Spell, Renounce Religion, Evoke
Flight


You were on level 10 of the Dungeon.
You worshipped Sif Muna.
Sif Muna was extremely pleased with you.
You were very hungry.
You were a creature of crystalline ice.
You visited 2 branches of the dungeon, and saw 11 of its levels.

You collected 666 gold pieces.
You spent 579 gold pieces at shops.

Inventory:

Hand weapons
 H - the +9 war axe of Qyishruta (melded) {flame, MR+ Stlth+}
   (You found it on level 7 of the Dungeon)

   It emits flame when wielded, causing extra injury to most foes and up to
   double damage against particularly susceptible opponents.
   Big, fiery blades are also staple armaments of hydra-hunters.
   It affects your resistance to hostile enchantments.
   It makes you more stealthy.
Armour
 v - a +0 buckler (melded)
Comestibles
 a - 5 bread rations
 p - 5 meat rations
Scrolls
 c - 2 scrolls of magic mapping
 d - a scroll of acquirement {unknown}
 f - a scroll of immolation {unknown}
 l - 4 scrolls of enchant armour
 q - a scroll of fear {unknown}
 r - 2 scrolls of noise {unknown}
 t - 5 scrolls of recharging {unknown}
 u - 9 scrolls of remove curse
 w - 4 scrolls of random uselessness {unknown}
Jewellery
 h - the cursed amulet "Teuxzyh" (around neck) {Spirit +Fly}
   (You bought it in a shop on level 7 of the Dungeon)

   [amulet of guardian spirit]

   It causes incoming damage to be split between your health and magic.
   It lets you fly.
   It has a curse placed upon it.
 n - a ring of stealth (melded)
 y - a ring of poison resistance (left paw)
 z - a cursed ring of magical power (right paw)
 B - a +6 ring of evasion (melded)
Potions
 e - a potion of brilliance
 s - 4 potions of might
 x - a potion of restore abilities


   Skills:
 - Level 6.5 Fighting
 - Level 2.0 Dodging
 - Level 5.0 Shields
 - Level 8.3 Unarmed Combat
 - Level 7.7 Spellcasting
 + Level 2.2 Summonings
 - Level 8.0 Transmutations
 * Level 8.8 Ice Magic
 - Level 5.0 Poison Magic


You had 11 spell levels left.
You knew the following spells:

 Your Spells              Type           Power        Failure   Level  Hunger
a - Beastly Appendage     Trmt           #####.       1%          1    None
b - Sticks to Snakes      Trmt           #####.....   1%          2    None
c - Spider Form           Trmt/Pois      ####......   2%          3    ##.....
d - Ice Form              Ice/Trmt       #####...     3%          4    ###....
e - Summon Ice Beast      Ice/Summ       ####....     14%         4    ###....


Dungeon Overview and Level Annotations

Branches:
Dungeon (10/15)            Temple (1/1) D:7            Lair (0/8) D:8
    Orc: D:9-12

Altars:
Ashenzari
Cheibriados
Dithmenos
Elyvilon
Gozag
Kikubaaqudgha
Makhleb
Nemelex Xobeh
Okawaru
Qazlal
Sif Muna
Trog
Xom
Yredelemnul
Zin

Shops:
D:5 (*   D:7 *

Annotations:
D:10 Grum, Josephine


Innate Abilities, Weirdness & Mutations

You cannot wear most types of armour.
You are amphibious.
((You can wear up to eight rings at the same time.))
((You can use your tentacles to constrict many enemies at once.))
((Your skin changes colour to match your surroundings (Stealth).))
((Your rubbery body absorbs attacks (AC +1).))
((One of your tentacles bears a spike.))


Message History

The troll zombie resists.
The killer bee zombie closely misses you.
Your ice beast completely misses something.
Your ice beast hits the troll zombie.
Your ice beast freezes the troll zombie.
The troll zombie resists.
The killer bee zombie hits you.
* * * LOW HITPOINT WARNING * * *
Your ice beast hits the troll zombie.
Your ice beast freezes the troll zombie.
The troll zombie resists.
You punch the killer bee zombie!
You destroy the killer bee zombie!
The troll zombie bites you.
* * * LOW HITPOINT WARNING * * *
The troll zombie claws you but does no damage. x2
Your ice beast hits the troll zombie but does no damage.
You hear some strange, mumbled words.
The ghostly flame explodes!
The ghostly fireball engulfs you!
You die...

#####################
#...................## #
##....................##
#.#......................#
#.......................##
#..........Y.Z...........##
#........Y..Z..Y..........# ###
##...........Z............####.#
#........................#...##
#...#........................###
....####...................#.##
... #..................###.### #
....##........(#######...#
......#####..#### ##..###
.....####...## ###..##


You could see a black bear zombie, a troll zombie, an elf skeleton and 2
friendly ice beasts.

Vanquished Creatures
  Pikel (D:7)
  A two-headed ogre (D:8)
  A hill giant zombie (D:9)
  Eustachio (D:7)
  3 hippogriffs
  2 wolves (D:10)
  5 sky beasts
  5 orc warriors
  3 ice beasts
  A black bear (D:7)
  4 ogres
  2 centaurs (D:7)
  2 necrophages (D:5)
  3 phantoms
  2 slaves (D:7)
  4 boring beetles (D:8)
  4 giant frogs
  A yak zombie (D:8)
  A troll zombie (D:10)
  5 killer bees (D:8)
  3 scorpions
  An eye of draining (D:9)
  4 electric eels (D:9)
  4 wights (D:10)
  A goliath beetle (D:8)
  10 crimson imps
  A giant frog zombie (D:9)
  6 hounds
  A quasit (D:7)
  5 orc priests
  A gnoll shaman (D:6)
  A centaur skeleton (D:9)
  10 worker ants
  An elf skeleton (D:9)
  4 iguanas
  7 orc wizards
  A killer bee zombie (D:10)
  A big kobold zombie (D:6)
  A hound zombie (D:8)
  9 adders
  6 gnolls
  2 shadow imps
  3 giant mites
  4 worms
  An adder skeleton (D:4)
  8 giant geckos
  3 oozes
  21 orcs
  A bat zombie (D:7)
  8 giant cockroaches
  15 goblins
  18 hobgoblins
  18 jackals
  7 kobolds
  12 bats
  6 giant newts
  A giant newt skeleton (D:4)
  A giant spore (D:8)
  A goblin skeleton (D:4)
  An orc skeleton (D:6)
  4 quokkas
  A quokka skeleton (D:5)
  16 rats
  9 ballistomycetes
290 creatures vanquished.

Vanquished Creatures (collateral kills)
  Erica (D:10)
  A wolf (D:10)
  An orc warrior (D:6)
  A centaur (D:6)
  2 ogres
  A wight (D:10)
  A goliath beetle (D:6)
  3 electric eels (D:9)
  A killer bee zombie (D:10)
  Ijyb (D:3)
  A mummy (D:9)
  A gnoll (D:1)
  A worm (D:6)
  2 orcs (D:9)
  A hobgoblin (D:6)
  A giant spore (D:7)
20 creatures vanquished.

Vanquished Creatures (others)
  5 ice beasts
  An orc wizard (D:7)
  A shadow imp (D:7)
  2 bats (D:7)
  A giant spore (D:9)
10 creatures vanquished.

Grand Total: 320 creatures vanquished

Notes
Turn   | Place    | Note
--------------------------------------------------------------
     0 | D:1      | Ololoev, the Octopode Transmuter, began the quest for the Orb.
     0 | D:1      | Reached XP level 1. HP: 13/13 MP: 3/3
   110 | D:1      | Reached XP level 2. HP: 18/18 MP: 2/4
   512 | D:1      | Learned a level 2 spell: Sticks to Snakes
   517 | D:1      | Reached XP level 3. HP: 23/23 MP: 4/6
   522 | D:1      | Learned a level 3 spell: Spider Form
   793 | D:1      | HP: 1/23 [jackal (2)]
  1453 | D:2      | Reached XP level 4. HP: 21/28 MP: 6/8
  1987 | D:2      | Reached skill level 1 in Poison Magic
  2259 | D:3      | Noticed Ijyb
  2270 | D:3      | Killed Ijyb
  2727 | D:3      | Reached XP level 5. HP: 33/33 MP: 3/11
  3391 | D:4      | Reached skill level 4 in Transmutations
  3726 | D:4      | Reached XP level 6. HP: 35/38 MP: 10/12
  4650 | D:4      | Noticed an ogre
  4750 | D:4      | HP: 1/38 [ogre/giant club (15)]
  4758 | D:4      | Killed an ogre
  4758 | D:4      | Reached XP level 7. HP: 2/45 MP: 1/14
  5110 | D:4      | Noticed a phantom
  5178 | D:4      | Killed a phantom
  5611 | D:5      | Entered Level 5 of the Dungeon
  6162 | D:5      | Found Ehieruix's Assorted Antiques.
  6187 | D:5      | Reached skill level 1 in Shields
  6187 | D:5      | Reached skill level 5 in Unarmed Combat
  6187 | D:5      | Reached XP level 8. HP: 47/54 MP: 16/16
  6208 | D:5      | Bought a scroll labeled GEUKHA TWAREMA for 26 gold pieces
  6208 | D:5      | Bought a scroll labeled GREXE RIT SEIG for 26 gold pieces
  6208 | D:5      | Bought a scroll labeled WIUJ EN UMOUP for 26 gold pieces
  6208 | D:5      | Bought an agate ring for 130 gold pieces
  6208 | D:5      | Bought a scroll labeled CUCEPP SHU SUR for 26 gold pieces
  6208 | D:5      | Bought 2 scrolls labeled THRIDO TOGEH for 52 gold pieces
  6280 | D:5      | Found Crogio's Weapon Boutique.
  7020 | D:6      | Got an ichor-stained quarterstaff
  7021 | D:6      | Identified the +3 quarterstaff of Urydiamn {speed, +Fly rF++} (You found it on level 6 of the Dungeon)
  7348 | D:6      | Reached skill level 5 in Fighting
  7620 | D:6      | Reached skill level 5 in Shields
  7620 | D:6      | Reached skill level 6 in Unarmed Combat
  7688 | D:6      | Reached XP level 9. HP: 61/61 MP: 17/17
  8249 | D:7      | Found Hosafop's Assorted Antiques.
  8300 | D:7      | Reached skill level 7 in Unarmed Combat
  8352 | D:7      | Noticed Eustachio
  8377 | D:7      | Killed Eustachio
  8616 | D:7      | Got a slimy war axe
  8617 | D:7      | Identified the +9 war axe of Qyishruta {flame, MR+ Stlth+} (You found it on level 7 of the Dungeon)
  8867 | D:7      | Reached skill level 8 in Unarmed Combat
  8890 | D:7      | Found a staircase to the Ecumenical Temple.
  8906 | Temple   | Entered the Ecumenical Temple
  8999 | Temple   | Became a worshipper of Sif Muna the Loreminder
  9061 | D:7      | Acquired Sif Muna's first power
  9061 | D:7      | Acquired Sif Muna's second power
  9061 | D:7      | Reached XP level 10. HP: 69/69 MP: 24/24
  9067 | D:7      | Learned a level 4 spell: Ice Form
  9181 | D:7      | Noticed Pikel
  9191 | D:7      | Killed Pikel
  9191 | D:7      | Acquired Sif Muna's third power
  9269 | D:7      | Bought a heavily runed ivory amulet for 165 gold pieces
  9271 | D:7      | Identified the cursed amulet "Teuxzyh" {Spirit +Fly} (You bought it in a shop on level 7 of the Dungeon)
  9472 | D:7      | Reached skill level 5 in Poison Magic
  9753 | D:8      | Found a staircase to the Lair.
 10051 | D:8      | Gained mutation: One of your tentacles bears a spike. [potion of beneficial mutation]
 10223 | D:8      | Reached XP level 11. HP: 67/74 MP: 25/25
 11802 | D:7      | Bought a potion of heal wounds for 99 gold pieces
 11802 | D:7      | Bought a sedimented cyan potion for 29 gold pieces
 13088 | D:9      | Learned a level 4 spell: Summon Ice Beast
 13226 | D:10     | Entered Level 10 of the Dungeon
 13668 | D:10     | Noticed Grum
 13671 | D:10     | Reached skill level 1 in Summonings
 13689 | D:10     | HP: 4/88 [wight/runed dagger (1)]
 14248 | D:10     | Noticed Erica
 14259 | D:10     | Killed Erica
 14998 | D:10     | Noticed Josephine
 15018 | D:10     | Killed from afar by Josephine

Action                   |  1- 3 |  4- 6 |  7- 9 | 10-12 || total
-------------------------+-------+-------+-------+-------++-------
Melee: Unarmed           |    74 |   162 |   222 |   217 ||   675
       Quarterstaff      |       |       |    60 |       ||    60
       War axe           |       |       |    11 |   116 ||   127
 Cast: Beastly Appendage |    16 |    24 |    17 |       ||    57
       Sticks to Snakes  |     2 |     3 |    41 |     1 ||    47
       Spider Form       |     1 |     7 |    19 |     4 ||    31
       Ice Form          |       |       |       |    19 ||    19
       Summon Ice Beast  |       |       |       |    17 ||    17
 Abil: End Transformatio |       |       |     4 |     7 ||    11
Evoke: Wand              |       |       |     2 |     2 ||     4
  Use: Scroll            |       |       |    13 |     6 ||    19
       Potion            |       |       |     1 |     8 ||     9
 Stab: Sleeping          |     2 |       |     2 |     4 ||     8
       Distracted        |       |       |     1 |     1 ||     2
  Eat: Chunk             |     1 |    12 |     7 |    20 ||    40
       Meat ration       |       |       |     1 |       ||     1
       Pizza             |       |       |     1 |       ||     1
       Bread ration      |       |       |     1 |       ||     1
       Royal jelly       |       |       |       |     1 ||     1
       Beef jerky        |       |       |       |     1 ||     1
